 Dungeon Crawl Stone Soup version 0.20.1-1-g8b1a95d (webtiles) character file.

86174 ReteAZ the Earth Mage (level 15, 0/88 HPs)
             Began as a Gargoyle Earth Elementalist on Aug 20, 2017.
             Was the Champion of Vehumet.
             Slain by Donald
             ... wielding a +1 long sword of slicing
              (5 damage)
             ... on level 2 of the Orcish Mines.
             The game lasted 02:13:58 (27483 turns).

ReteAZ the Earth Mage (GrEE)                       Turns: 27483, Time: 02:13:59

Health: 0/88       AC: 23    Str: 15    XL:     15   Next: 86%
Magic:  0/38       EV: 16    Int: 25    God:    Vehumet [******]
Gold:   2192       SH:  0    Dex: 11    Spells: 5/34 levels left

rFire    . . .     SeeInvis .   T - staff of death
rCold    + . .     Gourm    .   (no shield)
rNeg     + + .     Faith    .   A - +1 robe of Youthful Indiscretion {rC+ Int+4}
rPois    ∞         Spirit   +   U - +2 helmet
rElec    +         Reflect  .   q - +1 cloak
rCorr    +         Harm     .   V - +0 pair of gloves
MR       +....                  H - +0 pair of boots
Stlth    ++........             i - amulet of guardian spirit
Regen    0.3/turn               Y - ring of the Octopus King {rCorr AC+1 EV+1 Str+1 Int+1 Dex+1}
MPRegen  0.3/turn               v - ring of magical power

@: about to teleport, flying, very slightly contaminated
A: big wings, negative energy resistance 1, electricity resistance, unbreathing,
petrification resistance, rot immunity, AC +11
a: Stop Flying, Renounce Religion


You were on level 2 of the Orcish Mines.
You worshipped Vehumet.
Vehumet was exalted by your worship.
You were hungry.

You visited 4 branches of the dungeon, and saw 24 of its levels.
You also visited: Labyrinth.

You collected 2408 gold pieces.
You spent 216 gold pieces at shops.

Inventory:

Hand Weapons
 l - a +0 short sword
 K - a +3 whip of venom
Missiles
 b - 52 stones (quivered)
Armour
 q - a +1 cloak (worn)
 A - the +1 robe of Youthful Indiscretion (worn) {rC+ Int+4}
   (You found it on level 13 of the Dungeon)

   It affects your intelligence (+4).
   It protects you from cold.
 H - a +0 pair of boots (worn)
 S - the +3 leather armour of the Black Moon {+Inv rPois rC- MR+ Str+3}
   (You found it on level 7 of the Dungeon)

   It affects your strength (+3).
   It makes you vulnerable to cold.
   It protects you from poison.
   It affects your resistance to hostile enchantments.
   It lets you turn invisible.
 U - a +2 helmet (worn)
 V - a +0 pair of gloves (worn)
 X - the +10 plate armour of Time Monsters {MR+}
   (You found it in a labyrinth)

   It affects your resistance to hostile enchantments.
Magical Staves
 T - an uncursed staff of death (weapon)
Jewellery
 i - an amulet of guardian spirit (around neck)
 j - an uncursed ring of protection from fire
 r - an uncursed ring of see invisible
 v - a ring of magical power (right hand)
 z - the ring "Pycev" {rPois rN+ Int+3}
   (You took it off a red devil on level 6 of the Lair of Beasts)

   [ring of intelligence]

   It affects your intelligence (+3).
   It protects you from poison.
   It protects you from negative energy.
 J - an uncursed amulet of regeneration
 M - an uncursed ring of wizardry
 Y - a ring of the Octopus King (left hand) {rCorr AC+1 EV+1 Str+1 Int+1 Dex+1}
   (You found it on level 2 of the Orcish Mines)

   [ring of resist corrosion]

   It affects your AC (+1).
   It affects your evasion (+1).
   It affects your strength (+1).
   It affects your intelligence (+1).
   It affects your dexterity (+1).
Wands
 s - a wand of digging (3/24)
 y - a wand of clouds (4/9)
Scrolls
 a - 2 scrolls of amnesia
 k - 4 scrolls of teleportation
 m - 10 scrolls of remove curse
 D - a scroll of magic mapping
 I - 4 scrolls of fear
 O - 2 scrolls of fog
 P - 3 scrolls of recharging
 Q - a scroll of summoning
 R - 2 scrolls of enchant armour
Potions
 g - 3 potions of agility
 o - a potion of resistance
 u - 2 potions of heal wounds
 w - 5 potions of might
 B - 7 potions of curing
 C - 3 potions of haste
 E - 3 potions of invisibility
 N - a potion of brilliance
 Z - a potion of ambrosia
Comestibles
 d - 13 bread rations
 h - 12 royal jellies
 p - 3 fruits
 x - 9 meat rations
 G - 5 chunks of flesh


   Skills:
 - Level 8.0 Fighting
 + Level 5.2 Staves
 - Level 7.1 Armour
 - Level 7.0 Dodging
 - Level 2.1 Stealth
 - Level 10.0 Spellcasting
 + Level 10.2 Conjurations
 - Level 5.2 Charms
 - Level 7.0 Necromancy
 - Level 0.7 Transmutations
 + Level 7.2 Fire Magic
 - Level 5.5 Air Magic
 - Level 15.0 Earth Magic
 - Level 6.0 Evocations


You had 5 spell levels left.
You knew the following spells:

 Your Spells              Type           Power        Failure   Level  Hunger
a - Sandblast             Erth           ######       0%          1    None
b - Stone Arrow           Conj/Erth      ######       1%          3    None
c - Lee's Rapid Deconstr  Erth           ######....   1%          5    ####...
d - Swiftness             Chrm/Air       #####...     1%          2    None
e - Vampiric Draining     Necr           ######....   1%          3    None
f - Passwall              Tmut/Erth      ######....   1%          2    None
g - Petrify               Tmut/Erth      ######..     1%          4    None
h - Fireball              Conj/Fire      ######....   1%          5    ####...
i - Sticky Flame          Conj/Fire      ######..     1%          4    None


Dungeon Overview and Level Annotations

Branches:
Dungeon (15/15) Temple (1/1) D:5 Lair (6/6) D:8 Shoals (0/4) Lair:4 Snake (0/4) Lair:4 Slime (0/5) Lair:6 Orc (2/2) D:12 Vaults (0/5) D:13 D:14 Depths (0/5) D:15 Elf: Orc:2

Altars:
Ashenzari
Cheibriados
Dithmenos
Elyvilon
Fedhas
Gozag
Hepliaklqana
Kikubaaqudgha
Makhleb
Nemelex Xobeh
Okawaru
Qazlal
Ru
Sif Muna
Trog
Uskayaw
Vehumet
Xom
Yredelemnul
Zin
The Shining One
Beogh

Shops:
D:9 }   D:11 *(   Orc:1 *   Orc:2 %

Portals:
Hell: Lair:6

Annotations:
D:4 Menkaure
D:12 1 transporter
Lair:6 exclusion: oklob plant
Orc:2 Donald


Innate Abilities, Weirdness & Mutations

You are resistant to torment.
Your stone body is resilient. (AC +11)
You are immune to poison.
Your large and strong wings let you fly indefinitely.
You resist negative energy. (rN+)
You are resistant to electric shocks. (rElec)
You can survive without breathing.
You are immune to petrification.
You are immune to rotting.


Message History

Donald hits you with a long sword of slicing!!
* * * LOW HITPOINT WARNING * * *
Blink to where?
Press: ? - help, Dir - move target cursor, p - Donald You are very lightly contaminated with residual magic.
As you read the scroll of blinking, it crumbles to dust.
You start to feel a little faster.
Donald says, "I'll never be able to carry all this gold!
I hate that."
As you read the scroll of fog, it crumbles to dust.
The scroll dissolves into smoke.
Donald hits you with a long sword of slicing.
* * * LOW HITPOINT WARNING * * *
As you read the scroll of teleportation, it crumbles to dust.
You feel strangely unstable.
Donald says, "What's the point of conjuring, anyway?"
Donald closely misses you. Donald hits you but does no damage.
You no longer feel sluggish.
Donald hits you with a long sword of slicing!!
* * * LOW HITPOINT WARNING * * *
You die...

####..[..........≈≈≈##≈≈@≈≈#
...#..).......♣P≈≈≈≈≈#≈≈≈#≈##
...#.........###≈≈≈≈≈≈≈≈≈≈≈≈#####
⌠.['.........##≈≈≈≈≈≈≈≈≈≈≈≈≈≈≈≈≈#
...#.......#####≈≈#≈≈≈≈#≈≈≈#≈≈###
...#..###...# ###≈≈@###≈≈≈≈≈##
o############# ##≈≈≈#≈≈≈≈≈##
.......'.....#######≈≈≈≈≈≈≈##
#'###'##.....#.§@@§≈≈≈≈≈####


.oo #.....').§§§≈≈≈≈### ...# #######..§§≈≈###≈≈# ∩..# ######## ##≈# #### ### You
could see Donald.

Vanquished Creatures
  Kirke (Lair:5)
  2 orc warlords
  The ghost of striepan the Thaumaturge, a journeyman DEFE of Vehumet (Lair:5)
  A minotaur (Lab)
  Josephine (Orc:1)
  The ghost of lotsofdiagrams the Eclecticist, a journeyman SpEE of Fedhas (Lair:4)
  11 hydras
  A yaktaur captain (D:15)
  A hell beast (Lair:6)
  6 centaur warriors
  9 two-headed ogres
  An orc high priest (Orc:1)
  2 death yaks (Lair:5)
  Urug (Lair:3)
  Sonja (D:14)
  A wizard (Lair:6)
  3 orc knights
  An oklob plant (Lair:3)
  4 ugly things
  An orc sorcerer (Orc:2)
  4 cyclopes
  4 elephants
  2 manticores (D:14)
  12 black mambas
  2 orange demons (Lair:6)
  The ghost of sheala the Frost Mage, a novice DESu of Vehumet (D:8)
  A smoke demon (Lair:6)
  12 spiny frogs
  A gargoyle (D:11)
  10 komodo dragons
  A torpor snail (Lair:5)
  2 ice devils (Lair:6)
  3 rime drakes (Lair:6)
  A kobold demonologist (D:12)
  2 red devils (Lair:6)
  4 trolls
  A polar bear (Lair:5)
  2 hornets
  19 blink frogs
  A snapping turtle (shapeshifter) (D:14)
  5 slime creatures (D:13)
  12 dream sheep
  11 hippogriffs
  A shadow (D:13)
  5 wraiths (Orc:1)
  A spriggan (Lair:5)
  23 yaks
  5 wyverns
  6 hogs
  5 basilisks
  3 hungry ghosts
  17 humans
  Edmund (D:5)
  4 wargs
  3 vampire mosquitoes (D:13)
  7 nagas (Lair:4)
  2 soldier ants (D:13)
  9 water moccasins
  4 hell hounds (Lair:6)
  33 orc warriors
  3 porcupines (Lair:2)
  3 ice beasts
  A sky beast (D:10)
  2 black bears
  3 phantoms
  A necrophage (D:12)
  16 ogres
  15 wolves
  6 centaurs
  15 crocodiles
  6 big kobolds
  7 bullfrogs
  2 gnoll sergeants
  An earth elemental (Lab)
  6 scorpions
  6 killer bees (D:8)
  6 wights
  3 howler monkeys
  4 crimson imps
  8 hounds
  A quasit (D:7)
  3 bullfrog zombies
  8 jellies
  2 centaur zombies
  3 bullfrog skeletons
  25 orc wizards
  21 orc priests
  An iguana (D:7)
  10 worker ants
  A killer bee zombie (D:7)
  A hound skeleton (D:4)
  A worker ant zombie (D:5)
  26 gnolls
  19 adders
  5 shadow imps
  7 oozes
  2 adder skeletons
  3 worms
  10 leopard geckos
  153 orcs
  6 bats
  9 giant cockroaches
  36 hobgoblins
  17 jackals
  4 quokkas
  3 ball pythons
  10 frilled lizards
  36 goblins
  A jackal skeleton (D:8)
  19 kobolds
  A quokka zombie (D:7)
  9 rats
  2 bushes (Lair:6)
861 creatures vanquished.

Vanquished Creatures (others)
  A bush (Lair:6)
  30 fungi
  17 plants
48 creatures vanquished.

Grand Total: 909 creatures vanquished

Notes
Turn   | Place    | Note
-------+----------+-------------------------------------------
     0 | D:1      | ReteAZ the Gargoyle Earth Elementalist began the quest for the Orb.
     0 | D:1      | Reached XP level 1. HP: 10/10 MP: 3/3
    55 | D:1      | Reached skill level 4 in Earth Magic
   425 | D:1      | Reached XP level 2. HP: 13/15 MP: 3/5
   994 | D:1      | Reached skill level 5 in Earth Magic
   994 | D:1      | Reached XP level 3. HP: 8/19 MP: 2/6
  1588 | D:1      | Learned a level 3 spell: Stone Arrow
  1888 | D:2      | Reached XP level 4. HP: 24/24 MP: 4/7
  1899 | D:2      | Reached skill level 1 in Conjurations
  1938 | D:2      | Found a blossoming altar of Fedhas.
  1938 | D:2      | Found a deep blue altar of Sif Muna.
  1943 | D:2      | Found a burning altar of Makhleb.
  2431 | D:2      | Reached skill level 6 in Earth Magic
  2504 | D:2      | Reached XP level 5. HP: 28/28 MP: 0/8
  3402 | D:3      | Reached XP level 6. HP: 32/32 MP: 9/9
  3939 | D:4      | Reached skill level 5 in Conjurations
  3970 | D:4      | Reached skill level 7 in Earth Magic
  3970 | D:4      | Reached XP level 7. HP: 26/36 MP: 1/10
  4623 | D:4      | Noticed Menkaure
  4871 | D:4      | Reached XP level 8. HP: 39/41 MP: 12/12
  4943 | D:4      | Reached skill level 1 in Fighting
  5169 | D:5      | Entered Level 5 of the Dungeon
  5240 | D:5      | Found a staircase to the Ecumenical Temple.
  5274 | Temple   | Entered the Ecumenical Temple
  5334 | Temple   | Became a worshipper of Vehumet
  5773 | D:5      | Noticed Edmund
  5779 | D:5      | Killed Edmund
  6206 | D:6      | Reached skill level 5 in Spellcasting
  6335 | D:6      | Reached skill level 5 in Fighting
  6371 | D:6      | Reached XP level 9. HP: 54/54 MP: 17/17
  6413 | D:6      | Learned a level 5 spell: Lee's Rapid Deconstruction
  6708 | D:6      | Reached * piety under Vehumet
  6708 | D:6      | Offered knowledge of Flame Tongue by Vehumet.
  6753 | D:6      | Reached skill level 8 in Earth Magic
  7272 | D:7      | Reached skill level 9 in Earth Magic
  7758 | D:7      | Reached skill level 10 in Earth Magic
  7801 | D:7      | Got a crude leather armour
  7936 | D:7      | Reached ** piety under Vehumet
  7946 | D:7      | Found a glowing silver altar of Zin.
  7947 | D:7      | Found a hide-covered altar of Uskayaw.
  7966 | D:7      | Identified the +3 leather armour of the Black Moon {+Inv rPois rC- MR+ Str+3} (You found it on level 7 of the Dungeon)
  7990 | D:8      | Found a staircase to the Lair.
  7996 | D:8      | Offered knowledge of Freeze by Vehumet.
  8008 | D:8      | Reached skill level 1 in Armour
  8097 | D:8      | Noticed a hornet
  8105 | D:8      | Killed a hornet
  8105 | D:8      | Reached skill level 11 in Earth Magic
  8105 | D:8      | Reached XP level 10. HP: 47/59 MP: 8/18
  8167 | D:8      | Found a glowing golden altar of the Shining One.
  8248 | D:8      | Offered knowledge of Throw Frost by Vehumet.
  8260 | D:8      | Reached *** piety under Vehumet
  8435 | D:8      | Noticed a two-headed ogre
  8442 | D:8      | Killed a two-headed ogre
  8442 | D:8      | Reached skill level 5 in Armour
  8700 | D:8      | Noticed sheala's ghost (novice DESu)
  8712 | D:8      | Killed sheala's ghost
  8926 | D:8      | Offered knowledge of Inner Flame by Vehumet.
  8945 | D:8      | Learned a level 2 spell: Swiftness
  9129 | D:9      | Found Loescheho's Gadget Boutique.
  9159 | D:9      | Reached skill level 12 in Earth Magic
  9315 | D:9      | Noticed a two-headed ogre
  9319 | D:9      | Killed a two-headed ogre
  9473 | D:9      | Reached skill level 1 in Charms
  9480 | D:9      | Reached skill level 1 in Air Magic
  9480 | D:9      | Reached skill level 1 in Evocations
  9481 | D:9      | Reached XP level 11. HP: 60/63 MP: 21/22
  9487 | D:9      | Reached **** piety under Vehumet
  9731 | D:10     | Entered Level 10 of the Dungeon
  9755 | D:10     | Offered knowledge of Olgreb's Toxic Radiance by Vehumet.
 10466 | Lair:1   | Entered Level 1 of the Lair of Beasts
 10565 | Lair:1   | Reached ***** piety under Vehumet
 10569 | Lair:1   | Offered knowledge of Irradiate by Vehumet.
 10789 | Lair:1   | Found a labyrinth entrance.
 10803 | Lab      | Entered a labyrinth
 11395 | Lab      | Noticed a minotaur
 11422 | Lab      | Killed a minotaur
 11441 | Lab      | Identified the Handbook of Creative Necromancy
 11443 | Lab      | Got a topaz-studded plate armour
 11756 | Lair:1   | Reached skill level 5 in Charms
 11823 | Lair:1   | Reached skill level 5 in Evocations
 12115 | Lair:2   | Reached XP level 12. HP: 68/68 MP: 23/23
 12211 | Lair:2   | Learned a level 3 spell: Vampiric Draining
 12364 | Lair:2   | Reached skill level 5 in Air Magic
 12514 | Lair:2   | Reached skill level 1 in Necromancy
 12706 | Lair:3   | Noticed an eight-headed hydra
 12713 | Lair:3   | Killed an eight-headed hydra
 12794 | Lair:3   | Noticed Urug
 12946 | Lair:3   | Killed Urug
 13029 | Lair:3   | Identified the +10 plate armour of Time Monsters {MR+} (You found it in a labyrinth)
 13312 | Lair:3   | Noticed an eight-headed hydra
 13316 | Lair:3   | Killed an eight-headed hydra
 13967 | Lair:4   | Found a staircase to the Shoals.
 14052 | Lair:4   | Found a staircase to the Snake Pit.
 14102 | Lair:4   | Noticed lotsofdiagrams's ghost (journeyman SpEE)
 14196 | Lair:4   | Killed lotsofdiagrams's ghost
 14737 | Lair:4   | Reached skill level 1 in Staves
 14922 | Lair:5   | Noticed Kirke
 15042 | Lair:4   | Noticed a four-headed hydra
 15048 | Lair:4   | Killed a four-headed hydra
 15048 | Lair:4   | Reached XP level 13. HP: 58/76 MP: 24/24
 15061 | Lair:5   | Killed Kirke
 15061 | Lair:5   | Reached skill level 5 in Dodging
 15441 | Lair:5   | Reached skill level 5 in Necromancy
 15637 | Lair:5   | Noticed striepan's ghost (journeyman DEFE)
 15648 | Lair:5   | Killed striepan's ghost
 15720 | Lair:5   | Learned a level 2 spell: Passwall
 16378 | Lair:6   | Entered Level 6 of the Lair of Beasts
 16413 | Lair:6   | Found a staircase to the Slime Pits.
 16436 | Lair:6   | Reached skill level 5 in Staves
 17332 | Lair:5   | Gained mutation: Your large and strong wings let you fly indefinitely. [Gargoyle growth]
 17332 | Lair:5   | Reached XP level 14. HP: 32/82 MP: 10/27
 17827 | Lair:5   | Offered knowledge of Yara's Violent Unravelling by Vehumet.
 18298 | Lair:6   | Reached skill level 10 in Spellcasting
 18909 | Lair:6   | Reached skill level 13 in Earth Magic
 18991 | Lair:6   | Found a burning altar of Makhleb.
 19004 | Lair:6   | Found a gateway to Hell.
 19038 | Lair:6   | Got a scintillating jade ring
 19043 | Lair:6   | Identified the ring "Pycev" {rPois rN+ Int+3} (You took it off a red devil on level 6 of the Lair of Beasts)
 19552 | D:11     | Found Ruodiep's Assorted Antiques.
 19565 | D:11     | Reached skill level 14 in Earth Magic
 19579 | D:11     | Bought a dented filigree amulet for 170 gold pieces
 19751 | D:11     | Found Riosurec's Weapon Shop.
 20174 | D:12     | Found a staircase to the Orcish Mines.
 20191 | D:12     | Found a roughly hewn altar of Beogh.
 20606 | D:12     | Found a transporter.
 20609 | D:12     | Found a deep blue altar of Sif Muna.
 20656 | D:12     | Learned a level 4 spell: Petrify
 20710 | Orc:1    | Entered Level 1 of the Orcish Mines
 20710 | Orc:1    | Found Wueteaph's General Store.
 20710 | Orc:1    | Noticed an orc warlord
 20934 | D:11     | Bought 19 stones for 28 gold pieces
 20934 | D:11     | Bought 12 stones for 18 gold pieces
 20962 | D:11     | Reached skill level 15 in Earth Magic
 21141 | D:13     | Offered knowledge of Spellforged Servitor by Vehumet.
 21148 | D:13     | Learned a level 5 spell: Fireball
 21255 | D:13     | Reached ****** piety under Vehumet
 21255 | D:13     | Reached skill level 1 in Fire Magic
 21856 | D:13     | Reached XP level 15. HP: 88/88 MP: 29/29
 21865 | D:13     | Got a distressingly furry robe
 21876 | D:13     | Identified the +1 robe of Youthful Indiscretion {rC+ Int+4} (You found it on level 13 of the Dungeon)
 22113 | D:14     | Found a gate to the Vaults.
 22115 | D:14     | Noticed Sonja
 22463 | D:14     | Found a sacrificial altar of Ru.
 22513 | D:14     | Killed Sonja
 22897 | D:14     | Offered knowledge of Iron Shot by Vehumet.
 23644 | D:15     | Entered Level 15 of the Dungeon
 23936 | D:15     | Reached skill level 5 in Fire Magic
 24282 | D:14     | Learned a level 4 spell: Sticky Flame
 24597 | D:15     | Found a staircase to the Depths.
 24951 | D:12     | Killed an orc warlord
 25296 | Orc:1    | Found a bloodstained altar of Trog.
 25621 | Orc:1    | Noticed Josephine
 25627 | Orc:1    | Killed Josephine
 25770 | Orc:2    | Entered Level 2 of the Orcish Mines
 26008 | Orc:2    | Offered knowledge of Bolt of Fire by Vehumet.
 26067 | Orc:2    | Noticed Donald
 26411 | Orc:2    | Found Soehyco's Food Boutique.
 26411 | Orc:2    | Noticed an orc warlord
 26490 | Orc:1    | Killed an orc warlord
 26490 | Orc:1    | Reached skill level 10 in Conjurations
 26873 | Orc:2    | Got a ring of the Octopus King
 26875 | Orc:2    | Identified a ring of the Octopus King {rCorr AC+1 EV+1 Str+1 Int+1 Dex+1} (You found it on level 2 of the Orcish Mines)
 27014 | Orc:2    | Noticed an orc warlord
 27483 | Orc:2    | Slain by Donald

Skill      XL: |  1  2  3  4  5  6  7  8  9 10 11 12 13 14 15 |
---------------+----------------------------------------------+-----
Earth Magic    | 4 5 6 7 11 12 15 | 15.0
Conjurations   | 2 3 5 7 10 | 10.2
Spellcasting   | 3 5 7 9 10 | 10.0
Fighting       | 5 7 8 |  8.0
Armour         | 4 5 7 |  7.1
Charms         | 1 5 |  5.2
Air Magic      | 1 4 5 |  5.5
Evocations     | 1 5 6 |  6.0
Dodging        | 4 5 7 |  7.0
Necromancy     | 4 7 |  7.0
Staves         | 2 5 |  5.2
Fire Magic     | 2 7 |  7.2
Stealth        | |  2.1
Transmutations | |  0.7

Action                   |  1- 3 |  4- 6 |  7- 9 | 10-12 | 13-15 || total
-------------------------+-------+-------+-------+-------+-------++-------
Melee: Unarmed           |    54 |       |       |       |       ||    54
       Whip              |    26 |       |    76 |       |       ||   102
       Short sword       |    72 |   217 |   112 |       |       ||   401
       Hand axe          |       |       |    71 |       |       ||    71
       Staff             |       |       |       |   184 |   256 ||   440
 Fire: Hunting sling     |       |    17 |       |       |       ||    17
Throw: Stone             |       |     1 |     1 |       |       ||     2
 Cast: Sandblast         |    25 |    61 |   133 |   268 |   541 ||  1028
       Stone Arrow       |       |     9 |    51 |    96 |   321 ||   477
       Lee's Rapid Decon |       |       |     6 |    31 |    73 ||   110
       Vampiric Draining |       |       |       |     3 |    17 ||    20
       Passwall          |       |       |       |       |     5 ||     5
       Swiftness         |       |       |       |       |     9 ||     9
       Petrify           |       |       |       |       |     2 ||     2
       Fireball          |       |       |       |       |    20 ||    20
       Sticky Flame      |       |       |       |       |     4 ||     4
 Abil: Fly               |       |       |       |       |     1 ||     1
Evoke: Wand              |       |       |       |     2 |     4 ||     6
  Use: Scroll            |       |       |    15 |    11 |    14 ||    40
       Potion            |       |       |       |     2 |     4 ||     6
 Stab: Sleeping          |     2 |     4 |     4 |     2 |     1 ||    13
       Distracted        |       |       |       |       |     1 ||     1
  Eat: Chunk             |     4 |     9 |    18 |    26 |    45 ||   102
       Fruit             |       |       |     1 |     3 |    10 ||    14
       Bread ration      |       |       |       |     1 |       ||     1
Armor: Robe              |    58 |    99 |   150 |       |   192 ||   499
       Leather armour    |       |       |     6 |   166 |   356 ||   528
       Plate armour      |       |       |       |    16 |       ||    16
Dodge: Dodged            |   103 |   188 |   232 |   210 |   661 ||  1394
